 Dungeon Crawl Stone Soup version 0.22.1-1-ga44c0e5 (webtiles) character file.

197 rabbit the Magician (level 5, 0/37 HPs)
             Began as a Gnoll Wizard on Oct 16, 2018.
             Succumbed to a worker ant's poison
             ... on level 4 of the Dungeon.
             The game lasted 00:07:28 (2497 turns).

rabbit the Magician (Gnoll Wizard)                  Turns: 2497, Time: 00:07:29

Health: 0/37       AC:  4    Str:  9    XL:     5   Next: 75%
Magic:  11/14      EV: 14    Int: 21    God:
Gold:   186        SH:  0    Dex: 14    Spells: 4/18 levels left

rFire    . . .     SeeInvis .   a - +0 dagger (flame)
rCold    . . .     Gourm    .   (no shield)
rNeg     . . .     Faith    .   v - +0 robe
rPois    .         Spirit   .   j - +0 helmet
rElec    .         Reflect  .   (no cloak)
rCorr    .         Harm     .   (no gloves)
MR       .....                  c - +0 pair of boots
Stlth    +++.......             (no amulet)
HPRegen  0.12/turn              (no ring)
MPRegen  0.14/turn              (no ring)

@: lethally poisoned (0 -> -2)
A: distributed training, fangs 1, strong nose
a: no special abilities


You were on level 4 of the Dungeon.
You were hungry.

You visited 1 branch of the dungeon, and saw 4 of its levels.

You collected 186 gold pieces.

Inventory:

Hand Weapons
 a - a +0 dagger of flaming (weapon)
 g - a +0 dagger
Missiles
 i - 104 stones (quivered)
 l - 74 arrows
Armour
 b - a +0 hat
 c - a +0 pair of boots (worn)
 j - a +0 helmet (worn)
 v - a +0 robe (worn)
Jewellery
 q - an uncursed ring of ice
 s - a cursed ring of attention {unknown}
Scrolls
 f - a scroll of teleportation
 h - a scroll of random uselessness {unknown}
 m - a scroll of enchant weapon {unknown}
 o - 2 scrolls of remove curse
Potions
 e - 2 potions of heal wounds {unknown}
 k - 2 potions of curing {unknown}
 p - a potion of magic {unknown}
 r - a potion of invisibility {unknown}
 t - a potion of degeneration {unknown}
 u - a potion of cancellation {unknown}
 w - a potion of mutation {unknown}
 x - 2 potions of lignification {unknown}
Comestibles
 d - 6 rations


   Skills:
 + Level 1.6 Fighting
 + Level 1.6 Short Blades
 + Level 1.6 Long Blades
 + Level 1.6 Axes
 + Level 1.6 Maces & Flails
 + Level 1.6 Polearms
 + Level 1.6 Staves
 + Level 1.6 Slings
 + Level 1.6 Bows
 + Level 1.6 Crossbows
 + Level 1.6 Throwing
 + Level 1.6 Armour
 + Level 4.8 Dodging
 + Level 4.4 Stealth
 + Level 1.6 Shields
 + Level 1.6 Unarmed Combat
 + Level 7.3 Spellcasting
 + Level 2.4 Conjurations
 + Level 1.2 Hexes
 + Level 1.2 Charms
 + Level 2.4 Summonings
 + Level 1.2 Necromancy
 + Level 2.4 Translocations
 + Level 1.2 Transmutations
 + Level 1.2 Fire Magic
 + Level 1.2 Ice Magic
 + Level 1.2 Air Magic
 + Level 1.2 Earth Magic
 + Level 1.2 Poison Magic
 + Level 1.8 Invocations
 + Level 1.6 Evocations


You had 4 spell levels left.
You knew the following spells:

 Your Spells              Type           Power        Failure   Level  Hunger
a - Magic Dart            Conj           ###.         3%          1    None
b - Blink                 Tloc           N/A          4%          2    None
c - Call Imp              Summ           ###.....     4%          2    None
d - Mephitic Cloud        Conj/Pois/Air  ##......     13%         3    None
e - Conjure Flame         Conj/Fire      ###.....     12%         3    None
f - Confuse               Hex            ##......     16%         3    None

Your spell library contained the following spells:

 Spells                   Type           Power        Failure   Level  Hunger
 Corona                   Hex            ##.....      4%          1    None
 Ensorcelled Hibernation  Hex/Ice        ##....       8%          2    None
 Slow                     Hex            ##......     8%          2    None
 Dazzling Spray           Conj/Hex       ###...       12%         3    None
 Tukima's Dance           Hex            ##......     16%         3    None


Dungeon Overview and Level Annotations

Branches:
Dungeon (4/15)
 Temple: D:4-7

Altars:
Ru
Sif Muna


Innate Abilities, Weirdness & Mutations

Your experience applies equally to all skills.
You have very sharp teeth.
Your uncanny sense of smell can sniff out nearby items.


Message History

The magic dart hits the worker ant.
The worker ant is severely wounded.
The worker ant closely misses you. The worker ant bites you.
* * * LOW HITPOINT WARNING * * *
Casting: Magic Dart (safe; 3% risk of failure)
Confirm with . or Enter, or press ? or * to list all spells.
Aiming: Magic Dart (safe; 3% risk of failure)
Press: ? - help, Shift-Dir - straight line, f - worker ant
Aim: a worker ant (severely wounded)
The magic dart hits the worker ant.
You kill the worker ant!
Casting: Magic Dart (safe; 3% risk of failure)
Confirm with . or Enter, or press ? or * to list all spells.
You can't see any susceptible monsters within range! (Use Z to cast anyway.) Unknown command.
You feel sick.
A magic dart appears from out of thin air!
The magic dart hits you!
* * * LOW HITPOINT WARNING * * *
You die...

##. #.#
#... #.#
#....##.##
....{.)).+
#.# ∆ #.#
#.# #.#
#@# #.#
#.# ###


There were no monsters in sight!

Vanquished Creatures
  2 orc wizards
  A centaur skeleton (D:2)
  A worker ant (D:4)
  2 adders (D:3)
  An ooze (D:3)
  4 worms
  2 dart slugs (D:1)
  2 leopard geckos (D:2)
  An orc (D:4)
  2 giant cockroaches (D:1)
  7 goblins
  A hobgoblin (D:3)
  3 jackals (D:1)
  3 quokkas
  9 bats
  3 frilled lizards
  5 kobolds
  4 rats (D:3)
53 creatures vanquished.

Notes
Turn   | Place    | Note
-------+----------+-------------------------------------------
     0 | D:1      | rabbit the Gnoll Wizard began the quest for the Orb.
     0 | D:1      | Reached XP level 1. HP: 13/13 MP: 8/8
   112 | D:1      | Reached XP level 2. HP: 19/19 MP: 3/10
   116 | D:1      | Learned a level 2 spell: Blink
   119 | D:1      | Learned a level 2 spell: Call Imp
   764 | D:2      | Reached XP level 3. HP: 25/25 MP: 4/11
   769 | D:2      | Learned a level 3 spell: Mephitic Cloud
   773 | D:2      | Learned a level 3 spell: Conjure Flame
   912 | D:2      | Reached skill level 1 in Fighting
   912 | D:2      | Reached skill level 1 in Short Blades
   912 | D:2      | Reached skill level 1 in Long Blades
   912 | D:2      | Reached skill level 1 in Axes
   912 | D:2      | Reached skill level 1 in Maces & Flails
   912 | D:2      | Reached skill level 1 in Polearms
   912 | D:2      | Reached skill level 1 in Staves
   912 | D:2      | Reached skill level 1 in Slings
   912 | D:2      | Reached skill level 1 in Bows
   912 | D:2      | Reached skill level 1 in Crossbows
   912 | D:2      | Reached skill level 1 in Throwing
   912 | D:2      | Reached skill level 1 in Armour
   912 | D:2      | Reached skill level 1 in Shields
   912 | D:2      | Reached skill level 1 in Unarmed Combat
   912 | D:2      | Reached skill level 1 in Invocations
   912 | D:2      | Reached skill level 1 in Evocations
  1153 | D:2      | Reached XP level 4. HP: 32/32 MP: 11/13
  1701 | D:3      | Found a deep blue altar of Sif Muna.
  1787 | D:3      | Learned a level 3 spell: Confuse
  2035 | D:3      | Found a sacrificial altar of Ru.
  2037 | D:3      | Reached skill level 1 in Hexes
  2037 | D:3      | Reached skill level 1 in Charms
  2037 | D:3      | Reached skill level 1 in Necromancy
  2037 | D:3      | Reached skill level 1 in Transmutations
  2037 | D:3      | Reached skill level 1 in Fire Magic
  2037 | D:3      | Reached skill level 1 in Ice Magic
  2037 | D:3      | Reached skill level 1 in Air Magic
  2037 | D:3      | Reached skill level 1 in Earth Magic
  2037 | D:3      | Reached skill level 1 in Poison Magic
  2049 | D:3      | Reached XP level 5. HP: 37/37 MP: 7/14
  2496 | D:4      | HP: 1/37 [something/magic dart (6)]
  2497 | D:4      | Succumbed to a worker ant's poison

Skill      XL: |  1  2  3  4 |
---------------+-------------+-----
Conjurations   | 2 |  2.4
Summonings     | 2 |  2.4
Translocations | 2 |  2.4
Fighting       | 1 |  1.6
Short Blades   | 1 |  1.6
Long Blades    | 1 |  1.6
Axes           | 1 |  1.6
Maces & Flails | 1 |  1.6
Polearms       | 1 |  1.6
Staves         | 1 |  1.6
Slings         | 1 |  1.6
Bows           | 1 |  1.6
Crossbows      | 1 |  1.6
Throwing       | 1 |  1.6
Armour         | 1 |  1.6
Shields        | 1 |  1.6
Unarmed Combat | 1 |  1.6
Invocations    | 1 |  1.8
Evocations     | 1 |  1.6
Hexes          | 1 |  1.2
Charms         | 1 |  1.2
Necromancy     | 1 |  1.2
Transmutations | 1 |  1.2
Fire Magic     | 1 |  1.2
Ice Magic      | 1 |  1.2
Air Magic      | 1 |  1.2
Earth Magic    | 1 |  1.2
Poison Magic   | 1 |  1.2
Dodging        | |  4.8
Stealth        | |  4.4
Spellcasting   | |  7.3

Action                   |  1- 3 |  4- 6 || total
-------------------------+-------+-------++-------
Melee: Dagger            |    18 |    28 ||    46
       Bite              |       |     4 ||     4
 Cast: Magic Dart        |    43 |    76 ||   119
       Mephitic Cloud    |     1 |     2 ||     3
  Use: Scroll            |       |     4 ||     4
 Stab: Sleeping          |     1 |     2 ||     3
       Confused          |     1 |     1 ||     2
  Eat: Chunk             |       |     4 ||     4
Armor: Robe              |     7 |     5 ||    12
Dodge: Dodged            |    24 |    26 ||    50
